 Dungeon Crawl Stone Soup version 0.25.0-46-gbd7b0854d2 (webtiles) character file.

Game seed: 814228271401011975

1159 Jimbable the Spear-Bearer (level 8, -2/61 HPs)
             Began as a Merfolk Gladiator on July 14, 2020.
             Was an Initiate of Okawaru.
             Slain by a bullfrog (4 damage)
             ... on level 6 of the Dungeon.
             The game lasted 00:18:21 (6008 turns).

Jimbable the Spear-Bearer (Merfolk Gladiator)       Turns: 6008, Time: 00:18:22

Health: -2/61      AC:  6    Str: 14    XL:     8   Next: 39%
Magic:  8/8        EV: 16    Int:  7    God:    Okawaru [......]
Gold:   170        SH:  0    Dex: 18    Spells: 7/7 levels left

rFire    . . .     SeeInvis .   j - +0 scythe
rCold    . . .     Gourm    .   (shield currently unavailable)
rNeg     . . .     Faith    .   b - +0 leather armour
rPois    .         Spirit   .   c - +0 helmet
rElec    .         Reflect  .   t - scarf {harm}
rCorr    .         Harm     +   p - +1 pair of gloves
MR       .....                  (no boots)
Stlth    +.........             (no amulet)
HPRegen  0.20/turn              (no ring)
MPRegen  0.11/turn              (no ring)

@: very slightly contaminated
A: change form in water, swift swim, stealthy swim
a: Renounce Religion


You were on level 6 of the Dungeon.
You worshipped Okawaru.
Okawaru was noncommittal.
You were very hungry.

You visited 2 branches of the dungeon, and saw 7 of its levels.

You collected 170 gold pieces.

Inventory:

Hand Weapons
 a - a +0 trident
 j - a +0 scythe (weapon)
Missiles
 d - 2 throwing nets (quivered)
Armour
 b - a +0 leather armour (worn)
 c - a +0 helmet (worn)
 n - a +0 robe
 p - a +1 pair of gloves (worn)
 s - a cursed -2 plate armour
 t - a scarf of harm (worn)
Wands
 m - a wand of flame (15)
Scrolls
 e - 3 scrolls of identify {unknown}
 g - a scroll of fog {unknown}
 i - a scroll of remove curse {unknown}
 l - a scroll of teleportation {unknown}
 r - a scroll of noise {unknown}
Potions
 k - a potion of stabbing {unknown}
 o - a potion of might {unknown}
 q - a potion of cancellation
Comestibles
 f - 4 rations


   Skills:
 + Level 4.6 Fighting
 + Level 10.7 Polearms
 + Level 2.1 Throwing
 + Level 2.7 Armour
 + Level 6.3 Dodging


You had 7 spell levels left.
You didn't know any spells.
Your spell library contained the following spells:

 Spells                   Type           Power        Failure   Level  Hunger
 Magic Dart               Conj           #...         50%         1    ##.....
 Blink                    Tloc           N/A          65%         2    ###....
 Call Imp                 Summ           #.......     65%         2    ###....
 Slow                     Hex            #.......     65%         2    ###....
 Conjure Flame            Conj/Fire      #.......     86%         3    ####...
 Mephitic Cloud           Conj/Pois/Air  #.......     86%         3    ####...


Dungeon Overview and Level Annotations

Branches:
Dungeon (6/15)             Temple (1/1) D:4

Altars:
Ashenzari
Cheibriados
Gozag
Hepliaklqana
Kikubaaqudgha
Makhleb
Nemelex Xobeh
Okawaru
Qazlal
Ru
Sif Muna
Trog
Uskayaw
Vehumet
Wu Jian
Yredelemnul
Zin
The Shining One


Message History

The hound bites you but does no damage.
The orc shouts!
The orc misses you.
The bullfrog releases a deep croak.
The hound bites you.
* * * LOW HITPOINT WARNING * * *
A scorpion comes into view.
The orc hits you but does no damage.
A jackal comes into view.
The bullfrog barely misses you. The hound misses you.
A jackal comes into view.
The hound bites you but does no damage. The bullfrog barely misses you.
The jackal barks!
You hear a bark! x2
A hound comes into view.
The hound bites you.
* * * LOW HITPOINT WARNING * * *
The jackal bites you but does no damage.
The bullfrog hits you.
You die...

.. #........#
#.....h#####.
#..........h..
###.....#####.. #
#....rch##.. #.
...%$..5.##.# . ##.
#...>.s.o##.# .# ..
#....).hF.#.# ...
#.....#.@...## ...#
# ....#.#.#h...#
...# ###
#####........#....#
##..
#.....#.......#
....
#....##.........
....
#.#.....##....##
##.. .........#
...... ....
#......... ..$..
.... .(......#
..### #.#.


You could see a bullfrog, a centaur, a scorpion, 2 hounds, a shadow imp, an orc,
a quokka and 2 jackals.

Vanquished Creatures
  Sigmund (D:3)
  An ice beast (D:5)
  An ogre (D:5)
  A centaur (D:5)
  Blork the orc (D:4)
  A bullfrog (D:4)
  2 scorpions
  2 howler monkeys
  A crimson imp (D:3)
  A hound (D:5)
  An orc priest (D:4)
  2 orc wizards
  5 worker ants
  A hound skeleton (D:5)
  3 adders (D:3)
  A shadow imp (D:5)
  2 oozes
  An adder zombie (D:5)
  2 worms (D:3)
  2 dart slugs (D:2)
  5 leopard geckos
  13 orcs
  9 giant cockroaches
  4 goblins
  3 hobgoblins
  8 jackals
  9 kobolds
  A quokka (D:6)
  3 ball pythons
  A ball python skeleton (D:5)
  13 bats
  6 frilled lizards
  A quokka skeleton (D:5)
  8 rats
116 creatures vanquished.

Notes
Turn   | Place    | Note
-------+----------+-------------------------------------------
     0 | D:1      | Jimbable the Merfolk Gladiator began the quest for the Orb.
     0 | D:1      | Reached XP level 1. HP: 16/16 MP: 1/1
    99 | D:1      | Reached XP level 2. HP: 22/22 MP: 2/2
   157 | D:1      | Reached skill level 5 in Polearms
   238 | D:1      | Reached XP level 3. HP: 25/27 MP: 3/3
   314 | D:1      | You fall into a shaft and drop 1 floor!
  1029 | D:2      | Reached skill level 6 in Polearms
  1195 | D:2      | Reached XP level 4. HP: 34/34 MP: 4/4
  2178 | D:3      | You fall into a shaft and drop 3 floors!
  2187 | D:5      | Entered Level 5 of the Dungeon
  2229 | D:5      | Reached skill level 1 in Armour
  2229 | D:5      | Reached XP level 5. HP: 37/40 MP: 5/5
  2239 | D:5      | Reached skill level 7 in Polearms
  2446 | D:5      | Noticed an ice beast
  2851 | D:3      | Reached skill level 5 in Dodging
  2851 | D:3      | Reached XP level 6. HP: 40/47 MP: 6/6
  3154 | D:3      | Noticed Sigmund
  3172 | D:3      | Killed Sigmund
  3172 | D:3      | Reached skill level 8 in Polearms
  3505 | D:3      | Reached XP level 7. HP: 17/52 MP: 7/7
  3915 | D:4      | Noticed Blork the orc
  3923 | D:4      | Killed Blork the orc
  4043 | D:4      | Found a hide-covered altar of Uskayaw.
  4062 | D:4      | Reached skill level 9 in Polearms
  4307 | D:4      | Found a staircase to the Ecumenical Temple.
  4845 | Temple   | Entered the Ecumenical Temple
  4918 | Temple   | Became a worshipper of Warmaster Okawaru
  5325 | D:5      | Reached skill level 10 in Polearms
  5325 | D:5      | Reached XP level 8. HP: 41/60 MP: 8/8
  5608 | D:5      | You fall into a shaft and drop 1 floor!
  5986 | D:6      | Found a basalt altar of Yredelemnul.
  6007 | D:6      | HP: 2/61 [hound (3)]
  6008 | D:6      | Slain by a bullfrog

Illustrated notes

Levels and vault maps discovered:
D:1:      elethiomel_arrival_quiet, layout_basic
D:2:      layout_basic
D:3:      lemuel_upstairs_altar, layout_loops_ring, kennysheep_path_1,
          chequers_avenue, uniq_sigmund
D:4:      layout_loops_ring, lemuel_doored_altar,
          minmay_temple_entry_antechambers, serial_glass, glass_columns_a,
          glass_columns_a, glass_columns_b, glass_columns_b, uniq_blork_the_orc
D:5:      layout_basic, first_ration
D:6:      layout_rooms, basic_altar, dk_yredelemnul_ordeal
Temple:   eino_temple_scatter_basement

Skill      XL: |  1  2  3  4  5  6  7 |
---------------+----------------------+-----
Polearms       | 5 6 7 8 10 | 10.7
Armour         | 1 2 |  2.7
Fighting       | 3 4 |  4.6
Dodging        | 5 6 |  6.3
Throwing       | |  2.1

Action                   |  1- 3 |  4- 6 |  7- 9 || total
-------------------------+-------+-------+-------++-------
Melee: Trident           |   134 |   155 |       ||   289
       Scythe            |       |    46 |    93 ||   139
Throw: Throwing net      |       |     2 |       ||     2
  Use: Potion            |       |       |     2 ||     2
 Stab: Sleeping          |     3 |     2 |     3 ||     8
       Held in net/web   |       |     1 |       ||     1
  Eat: Chunk             |     1 |     8 |     3 ||    12
       Ration            |       |       |     1 ||     1
Armor: Leather armour    |    33 |    37 |    28 ||    98
Dodge: Dodged            |    86 |   139 |    88 ||   313
